BSA
PLYMOUTH ROCKS @ HENDERSONVILLE HITMEN
08/28/2024
 
TOP OF THE 1ST
Plymouth Rocks batting - Pitching for Hendersonville Hitmen : LHP Simon Martel
Pitching: LHP Simon Martel
Batting: RHB Ray Yates 0-0: Swinging Strike
0-1: Swinging Strike
0-2: Ball
1-2: Foul Ball, location: 2F
1-2: Ball
2-2: Strikes out swinging
Batting: LHB Pedro Gonzáles 0-0: Ball
1-0: Called Strike
1-1: Swinging Strike
1-2: DOUBLE (Groundball, 3L)
Batting: RHB António Zúñiga 0-0: Ball
Wild Pitch!
Pedro Gonzáles to third
1-0: DOUBLE (Line Drive, 78M)
Pedro Gonzáles scores
Batting: RHB Frederico Hernández 0-0: Ball
1-0: Fly out, F6 (Line Drive, 6)
1-0: Lined into DP, 6-4 (Line Drive, 6)
Top of the 1st over - 1 run(s), 2 hit(s), 0 error(s), 0 left on base; Plymouth 1 - Hendersonville 0
BOTTOM OF THE 1ST
Hendersonville Hitmen batting - Pitching for Plymouth Rocks : RHP John Smith
Pitching: RHP John Smith
Batting: RHB Carlos García 0-0: Called Strike
0-1: SINGLE (Groundball, 25) (infield hit)
Batting: RHB Robert Buckley 0-0: SINGLE (Groundball, 5L)
Carlos García to second
Batting: RHB Manolo Román 0-0: Foul Ball, location: 2F
0-1: Ball
1-1: Swinging Strike
1-2: Strikes out swinging
Batting: LHB Lorenzo Villa 0-0: Called Strike
Carlos García steals 3rd base
Robert Buckley to second
0-1: Called Strike
0-2: Foul Ball, location: 2F
0-2: SINGLE (Line Drive, 9S)
Carlos García scores
Robert Buckley to third
Runner from 3rd tries for Home, SAFE, throw made home
Batting: RHB Alonso Holguín Pickoff Throw to First - Out!
0-0: Ground out 6-3 (Groundball, 6)
Bottom of the 1st over - 2 run(s), 3 hit(s), 0 error(s), 0 left on base; Plymouth 1 - Hendersonville 2
TOP OF THE 2ND
Plymouth Rocks batting - Pitching for Hendersonville Hitmen : LHP Simon Martel
Batting: LHB Frank Geddes 0-0: Called Strike
0-1: Ball
1-1: Ball
2-1: Foul Ball, location: 2F
2-2: Foul Ball, location: 2F
2-2: Ground out U3 (Groundball, 3L)
Batting: RHB Dexter Potter 0-0: Bunt missed!
0-1: Foul Ball, location: 2F
0-2: Ball
1-2: Strikes out swinging
Batting: RHB Jorge Márquez 0-0: Ball
1-0: SINGLE (Line Drive, 8RS)
Batting: RHB Tadakuni Sugiyama 0-0: 2-RUN HOME RUN (Flyball, 7D), Distance : 406 ft
Batting: RHB Alberto Ramos 0-0: Fly out, F8 (Flyball, 8LM)
Top of the 2nd over - 2 run(s), 2 hit(s), 0 error(s), 0 left on base; Plymouth 3 - Hendersonville 2
BOTTOM OF THE 2ND
Hendersonville Hitmen batting - Pitching for Plymouth Rocks : RHP John Smith
Batting: LHB Jerry Johnston 0-0: Ball
1-0: Ground out 3-1 (Groundball, 34)
Batting: LHB Enrique Nalasco 0-0: Ball
1-0: Ball
2-0: Called Strike
2-1: Foul Ball, location: 2F
2-2: Ball
3-2: Base on Balls
Batting: RHB Junior Vargas 0-0: Called Strike
0-1: Ball
1-1: Grounds into double play, 5-4-3 (Groundball, 5L)
Bottom of the 2nd over - 0 run(s), 0 hit(s), 0 error(s), 0 left on base; Plymouth 3 - Hendersonville 2
TOP OF THE 3RD
Plymouth Rocks batting - Pitching for Hendersonville Hitmen : LHP Simon Martel
Batting: RHB Ray Yates 0-0: Swinging Strike
0-1: Ball
1-1: Ball
2-1: Foul Ball, location: 2F
2-2: Strikes out looking
Batting: LHB Pedro Gonzáles 0-0: Ground out 4-3 (Groundball, 4)
Batting: RHB António Zúñiga 0-0: Called Strike
0-1: Called Strike
0-2: Ball
1-2: Ground out 5-3 (Groundball, 5S)
Top of the 3rd over - 0 run(s), 0 hit(s), 0 error(s), 0 left on base; Plymouth 3 - Hendersonville 2
BOTTOM OF THE 3RD
Hendersonville Hitmen batting - Pitching for Plymouth Rocks : RHP John Smith
Batting: RHB Taylor McFarland 0-0: Swinging Strike
0-1: Ball
1-1: Called Strike
1-2: Fly out, F9 (Line Drive, 9M)
Batting: RHB Carlos García 0-0: Called Strike
0-1: Ball
1-1: Swinging Strike
1-2: Ball
2-2: Strikes out swinging
Batting: RHB Robert Buckley 0-0: Called Strike
0-1: Swinging Strike
0-2: Ball
1-2: Ball
2-2: Strikes out looking
Bottom of the 3rd over - 0 run(s), 0 hit(s), 0 error(s), 0 left on base; Plymouth 3 - Hendersonville 2
TOP OF THE 4TH
Plymouth Rocks batting - Pitching for Hendersonville Hitmen : LHP Simon Martel
Batting: RHB Frederico Hernández 0-0: Foul Ball, location: 2F
0-1: Foul Ball, location: 2F
0-2: Ball
1-2: Ball
2-2: Ball
3-2: DOUBLE (Flyball, 8RXD)
Batting: LHB Frank Geddes 0-0: Called Strike
0-1: Ball
1-1: Swinging Strike
1-2: Ball
2-2: Strikes out swinging
Batting: RHB Dexter Potter 0-0: Reached on error, E6 (Groundball, 6)
Frederico Hernández to third
Batting: RHB Jorge Márquez 0-0: Ground out 4-3 (Groundball, 4M)
Frederico Hernández scores
Dexter Potter to second
Batting: RHB Tadakuni Sugiyama 0-0: Ball
1-0: Ball
2-0: Called Strike
2-1: Foul Ball, location: 2F
2-2: Foul Ball, location: 2F
2-2: Strikes out looking
Top of the 4th over - 1 run(s), 1 hit(s), 1 error(s), 1 left on base; Plymouth 4 - Hendersonville 2
BOTTOM OF THE 4TH
Hendersonville Hitmen batting - Pitching for Plymouth Rocks : RHP John Smith
Batting: RHB Manolo Román 0-0: Fly out, F8 (Flyball, 8RD)
Batting: LHB Lorenzo Villa 0-0: Ball
1-0: Ball
2-0: Swinging Strike
2-1: Ball
3-1: SINGLE (Groundball, 3D)
Batting: RHB Alonso Holguín 0-0: Called Strike
0-1: Called Strike
0-2: SINGLE (Line Drive, 34)
Lorenzo Villa to second
Runner from 2nd tries for 3rd, SAFE, throw made to third
Batting: LHB Jerry Johnston 0-0: Swinging Strike
0-1: Called Strike
0-2: Ball
1-2: Strikes out swinging
Batting: LHB Enrique Nalasco 0-0: Ball
1-0: Ball
2-0: Ball
3-0: Called Strike
3-1: Swinging Strike
3-2: Fly out, F7 (Flyball, 78XD)
Bottom of the 4th over - 0 run(s), 2 hit(s), 0 error(s), 2 left on base; Plymouth 4 - Hendersonville 2
TOP OF THE 5TH
Plymouth Rocks batting - Pitching for Hendersonville Hitmen : LHP Simon Martel
Batting: RHB Alberto Ramos 0-0: Ball
1-0: Called Strike
1-1: Swinging Strike
1-2: Foul Ball, location: 2F
1-2: Strikes out swinging
Batting: RHB Ray Yates 0-0: Ball
1-0: SINGLE (Groundball, 6MD)
Batting: LHB Pedro Gonzáles 0-0: Grounds into double play, 6-4-3 (Groundball, 6M)
Top of the 5th over - 0 run(s), 1 hit(s), 0 error(s), 0 left on base; Plymouth 4 - Hendersonville 2
BOTTOM OF THE 5TH
Hendersonville Hitmen batting - Pitching for Plymouth Rocks : RHP John Smith
Batting: RHB Junior Vargas 0-0: Called Strike
0-1: Ball
1-1: Swinging Strike
1-2: Ball
2-2: Ball
3-2: Foul Ball, location: 2F
3-2: Ground out 1-3 (Groundball, 13)
Batting: RHB Taylor McFarland 0-0: Foul Ball, location: 2F
0-1: Ball
1-1: Ball
2-1: Ground out U3 (Groundball, 3S)
Batting: RHB Carlos García 0-0: Ball
1-0: Ball
2-0: Called Strike
2-1: Ball
3-1: Base on Balls
Batting: RHB Robert Buckley Pickoff Throw to First - Out!
Bottom of the 5th over - 0 run(s), 0 hit(s), 0 error(s), 0 left on base; Plymouth 4 - Hendersonville 2
TOP OF THE 6TH
Plymouth Rocks batting - Pitching for Hendersonville Hitmen : LHP Simon Martel
Batting: RHB António Zúñiga 0-0: Ball
1-0: Swinging Strike
1-1: Ground out U3 (Groundball, 3)
Batting: RHB Frederico Hernández 0-0: Ground out 5-3 (Groundball, 56)
Batting: LHB Frank Geddes 0-0: Ball
1-0: Swinging Strike
1-1: Swinging Strike
1-2: SOLO HOME RUN (Flyball, 9D), Distance : 416 ft
Batting: RHB Dexter Potter 0-0: Ball
1-0: Ground out 5-3 (Groundball, 56S)
Top of the 6th over - 1 run(s), 1 hit(s), 0 error(s), 0 left on base; Plymouth 5 - Hendersonville 2
BOTTOM OF THE 6TH
Hendersonville Hitmen batting - Pitching for Plymouth Rocks : RHP John Smith
Batting: RHB Robert Buckley 0-0: Fly out, F7 (Flyball, 7M)
Batting: RHB Manolo Román 0-0: Called Strike
0-1: Ball
1-1: Foul Ball, location: 2F
1-2: Ground out 5-3 (Groundball, 56)
Batting: LHB Lorenzo Villa 0-0: Ball
1-0: Ball
2-0: Ground out 4-3 (Groundball, 4M)
Bottom of the 6th over - 0 run(s), 0 hit(s), 0 error(s), 0 left on base; Plymouth 5 - Hendersonville 2
TOP OF THE 7TH
Plymouth Rocks batting - Pitching for Hendersonville Hitmen : LHP Simon Martel
Batting: RHB Jorge Márquez 0-0: Called Strike
0-1: Ball
1-1: Ball
2-1: Fly out, F4 (Popup, 34)
Batting: RHB Tadakuni Sugiyama 0-0: Called Strike
0-1: Foul Ball, location: 2F
0-2: Strikes out looking
Batting: RHB Alberto Ramos 0-0: SINGLE (Line Drive, 56)
Batting: RHB Ray Yates 0-0: Called Strike
0-1: Called Strike
0-2: Ball
1-2: Ball
2-2: Foul Ball, location: 2F
2-2: Fielders Choice at 2nd, U6 (Groundball, 6M)
Top of the 7th over - 0 run(s), 1 hit(s), 0 error(s), 1 left on base; Plymouth 5 - Hendersonville 2
BOTTOM OF THE 7TH
Hendersonville Hitmen batting - Pitching for Plymouth Rocks : RHP John Smith
Batting: RHB Alonso Holguín 0-0: Ball
1-0: Called Strike
1-1: Foul Ball, location: 2F
1-2: Ball
2-2: Foul Ball, location: 2F
2-2: Foul Ball, location: 2F
2-2: Ball
3-2: Foul Ball, location: 2F
3-2: SINGLE (Line Drive, 9S)
Batting: LHB Jerry Johnston 0-0: Ball
1-0: SINGLE (Groundball, 4MD)
Alonso Holguín to second
Runner from 2nd tries for 3rd, SAFE, throw made to third
Batting: LHB Enrique Nalasco 0-0: Fly out, F4 (Line Drive, 4MD)
Batting: RHB Junior Vargas 0-0: Grounds into double play, 5-4-3 (Groundball, 5)
Bottom of the 7th over - 0 run(s), 2 hit(s), 0 error(s), 1 left on base; Plymouth 5 - Hendersonville 2
TOP OF THE 8TH
Plymouth Rocks batting - Pitching for Hendersonville Hitmen : LHP Simon Martel
Batting: LHB Pedro Gonzáles 0-0: Called Strike
0-1: Ground out 4-3 (Groundball, 34)
Batting: RHB António Zúñiga 0-0: Ball
1-0: Called Strike
1-1: Ground out 4-3 (Groundball, 4M)
Batting: RHB Frederico Hernández 0-0: Ball
1-0: Ground out 1-3 (Groundball, 15)
Top of the 8th over - 0 run(s), 0 hit(s), 0 error(s), 0 left on base; Plymouth 5 - Hendersonville 2
BOTTOM OF THE 8TH
Hendersonville Hitmen batting - Pitching for Plymouth Rocks : RHP John Smith
Pitching: RHP Erik Estes
Batting: RHB Taylor McFarland 0-0: Called Strike
0-1: Ball
1-1: Foul Ball, location: 2F
1-2: Foul Ball, location: 2F
1-2: Fly out, F9 (Flyball, 9M)
Batting: RHB Carlos García 0-0: Ball
1-0: Foul Ball, location: 2F
1-1: Ball
2-1: Ball
3-1: Foul Ball, location: 2F
3-2: Fly out, F9 (Flyball, 89S)
Batting: RHB Robert Buckley 0-0: Ball
1-0: Fly out, F8 (Flyball, 8RD)
Bottom of the 8th over - 0 run(s), 0 hit(s), 0 error(s), 0 left on base; Plymouth 5 - Hendersonville 2
TOP OF THE 9TH
Plymouth Rocks batting - Pitching for Hendersonville Hitmen : LHP Simon Martel
Batting: LHB Frank Geddes 0-0: Ball
1-0: Swinging Strike
1-1: Swinging Strike
1-2: Strikes out looking
Batting: RHB Dexter Potter Single, Error in OF, E7, batter to second base
Batting: RHB Jorge Márquez 0-0: Ball
1-0: Fly out, F9 (Flyball, 9LM)
Batting: RHB Tadakuni Sugiyama 0-0: Fly out, F9 (Flyball, 89M)
Top of the 9th over - 0 run(s), 1 hit(s), 1 error(s), 1 left on base; Plymouth 5 - Hendersonville 2
BOTTOM OF THE 9TH
Hendersonville Hitmen batting - Pitching for Plymouth Rocks : RHP Erik Estes
Pitching: RHP Dong-hyun Kim
Now at 1B: Yoshinori Sasaki
Batting: RHB Manolo Román 0-0: Ball
1-0: Ball
2-0: Swinging Strike
2-1: Foul Ball, location: 2F
2-2: Foul Ball, location: 2F
2-2: Foul Ball, location: 2F
2-2: Ball
3-2: Foul Ball, location: 2F
3-2: Base on Balls
Batting: LHB Lorenzo Villa 0-0: Swinging Strike
0-1: Foul Ball, location: 2F
0-2: Ball
1-2: Ball
2-2: Foul Ball, location: 2F
2-2: Ball
3-2: Base on Balls
Manolo Román to second
Pinch Hitting: SHB David Johnstone 0-0: Ball
1-0: Grounds into double play, 1-6-3 (Groundball, 13)
Manolo Román to third
Batting: LHB Jerry Johnston 0-0: Ball
1-0: Fly out, F9 (Flyball, 8RD)
Bottom of the 9th over - 0 run(s), 0 hit(s), 0 error(s), 1 left on base; Plymouth 5 - Hendersonville 2
This league is powered by Out of the Park Baseball, the baseball management simulation game for PC, Mac and Linux
Saturday, April 9th, 2016 - OOTP Baseball 16.8 Build 38